 Dungeon Crawl Stone Soup version 0.23-a0-417-gf02c810 (webtiles) character file.

231528 Amnesiac the Imperceptible (level 18, -1/100 HPs)
             Began as a Spriggan Enchanter on Nov 10, 2018.
             Was the Champion of Ashenzari.
             Killed from afar by Dism's ghost (34 damage)
             ... with a fireball
             ... on level 2 of the Elven Halls on Nov 11, 2018.
             The game lasted 02:32:37 (42635 turns).

Amnesiac the Imperceptible (Spriggan Enchanter)    Turns: 42635, Time: 02:32:38

Health: -1/100     AC: 16    Str:  4    XL:     18   Next: 36%
Magic:  0/42       EV: 33    Int: 23    God:    Ashenzari [******]
Gold:   3033       SH: 11    Dex: 18    Spells: 18/44 levels left

rFire    . . .     SeeInvis +   a - +1 dagger (protect)
rCold    . . .     Gourm    .   w - +3 buckler (curse)
rNeg     . . .     Faith    .   L - +5 steam dragon scales (curse)
rPois    .         Spirit   +   (helmet restricted)
rElec    +         Reflect  .   u - +2 cloak (curse)
rCorr    .         Harm     .   (gloves unavailable)
MR       +++..     Clarity  +   (boots unavailable)
Stlth    ++++++++..             q - amulet of guardian spirit (curse)
HPRegen  0.26/turn              i - ring of magical power (curse)
MPRegen  0.28/turn              Q - ring of Ysall {+Inv +Fly rElec SInv Stlth-}

@: confusing touch, deflect missiles, very quick
A: very small, unfitting armour, antennae 1, beak, slimy green scales 1, see
invisible, herbivore, speed 3, low mp 1, slow metabolism 2, wild magic 1,
evolution 1
}: 2/15 runes: decaying, gossamer
a: Curse Item, Scrying, Transfer Knowledge, Renounce Religion, Evoke
Invisibility, Evoke Flight


You were on level 2 of the Elven Halls.
You worshipped Ashenzari.
Ashenzari was exalted by your worship.
You were not hungry.

You visited 6 branches of the dungeon, and saw 33 of its levels.
You visited 1 bazaar.
You also visited: Labyrinth, Ossuary and Bailey.

You collected 4158 gold pieces.
You spent 1125 gold pieces at shops.

Inventory:

Hand Weapons
 a - a +1 dagger of protection (weapon)
 V - a +4 scimitar of flaming
Missiles
 K - 4 throwing nets (quivered)
Armour
 u - a cursed +2 cloak (worn)
 w - a cursed +3 buckler (worn)
 L - cursed +5 steam dragon scales (worn)
 P - a +1 robe of fire resistance
Jewellery
 i - a cursed ring of magical power (left hand)
 m - an uncursed amulet of rage
 q - a cursed amulet of guardian spirit (around neck)
 B - an uncursed ring of protection from cold
 G - the ring "Ceut" {+Blink rC+ MP+9}
   (You found it on level 3 of the Swamp)

   [ring of magical power]

   It protects you from cold.
   It affects your magic capacity (+9).
   It lets you blink.
 Q - the ring of Ysall (right hand) {+Inv +Fly rElec SInv Stlth-}
   (You found it in a bazaar)

   [ring of flight]

   It insulates you from electricity.
   It lets you see invisible.
   It lets you turn invisible.
   It lets you fly.
   It makes you less stealthy.
 Z - an uncursed ring of resist corrosion
Wands
 l - a wand of digging (3)
 s - a wand of disintegration (11)
 x - a wand of acid (30)
 y - a wand of enslavement (3)
 E - a wand of paralysis (20)
 O - a wand of iceblast (22)
Scrolls
 c - a scroll of enchant armour {!r}
 e - 6 scrolls of fear {!r}
 g - 6 scrolls of enchant weapon {!r}
 n - 2 scrolls of fog {!r}
 p - 18 scrolls of teleportation {!r}
 t - 2 scrolls of brand weapon {!r}
 v - a scroll of holy word {!r}
 z - a scroll of acquirement {!r}
 C - 9 scrolls of remove curse {!r}
 D - 3 scrolls of blinking {!r}
 F - 5 scrolls of magic mapping {!r}
 N - 4 scrolls of amnesia {!r}
 S - 2 scrolls of silence {!r}
 U - 11 scrolls of identify {!r}
 X - 2 scrolls of vulnerability {!r}
Potions
 b - 4 potions of resistance {!q}
 h - 2 potions of mutation {!q}
 j - a potion of magic {!q}
 k - 5 potions of haste {!q}
 o - 4 potions of agility {!q}
 r - 4 potions of flight {!q}
 A - 14 potions of might {!q}
 H - 4 potions of cancellation {!q}
 I - 18 potions of curing {!q}
 J - 10 potions of heal wounds {!q}
 M - 5 potions of brilliance {!q}
 R - a potion of invisibility {!q}
Miscellaneous
 f - a lamp of fire
 T - a box of beasts
 W - 2 phantom mirrors
 Y - a phial of floods
Comestibles
 d - 24 rations


   Skills:
 - Level 13.0 Fighting
 - Level 8.5 Short Blades
 - Level 4.4 Armour
 - Level 14.4(17.0) Dodging
 - Level 23.0(25.0) Stealth
 - Level 5.0(8.0) Shields
 + Level 13.8 Spellcasting
 - Level 17.6(20.0) Hexes
 - Level 7.0(10.1) Charms
 - Level 4.0(6.8) Air Magic
 - Level 3.1(5.7) Evocations


You had 18 spell levels left.
You knew the following spells:

 Your Spells              Type           Power        Failure   Level  Hunger
a - Ensorcelled Hibernat  Hex/Ice        ######       1%          2    None
b - Passwall              Tmut/Erth      ###.....     8%          2    None
c - Mephitic Cloud        Conj/Pois/Air  #####...     7%          3    None
d - Dazzling Spray        Conj/Hex       ######       1%          3    None
e - Confuse               Hex            #######.     1%          3    None
f - Corona                Hex            #######      1%          1    None
g - Deflect Missiles      Chrm/Air       ######....   26%         6    #####..
v - Blink                 Tloc           N/A          8%          2    None
w - Tukima's Dance        Hex            #######.     1%          3    None
z - Confusing Touch       Hex            ######       1%          1    None

Your spell library contained the following spells:

 Spells                   Type           Power        Failure   Level  Hunger
 Slow                     Hex            #######.     1%          2    None
 Silence                  Hex/Air        #######...   1%          5    ###....
 Regeneration             Chrm/Necr      ######....   2%          3    None
 Metabolic Englaciation   Hex/Ice        ######....   3%          5    ###....
 Summon Mana Viper        Hex/Summ       ######..     3%          5    ###....
 Yara's Violent Unravell  Hex/Tmut       ######....   3%          5    ###....
 Static Discharge         Conj/Air       #####...     4%          3    None
 Animate Skeleton         Necr           N/A          5%          1    None
 Magic Dart               Conj           ###.         5%          1    None
 Pain                     Necr           ###.         5%          1    None
 Sandblast                Erth           ###...       5%          1    None
 Call Imp                 Summ           ###.....     8%          2    None
 Sublimation of Blood     Necr           ###.......   8%          2    None
 Summon Lightning Spire   Summ/Air       #####...     13%         4    None
 Conjure Flame            Conj/Fire      ###.....     14%         3    None
 Gell's Gravitas          Tloc           ###.......   14%         3    None
 Ignite Poison            Fire/Tmut/Pois ###.....     14%         3    None
 Recall                   Summ/Tloc      N/A          14%         3    None
 Stone Arrow              Conj/Erth      ###...       14%         3    None
 Vampiric Draining        Necr           ###.......   14%         3    None
 Lightning Bolt           Conj/Air       #####.....   32%         5    ###....
 Animate Dead             Necr           N/A          41%         4    None
 Petrify                  Tmut/Erth      ###.....     41%         4    None
 Alistair's Intoxication  Tmut/Pois      ###.....     73%         5    ###....
 Aura of Abjuration       Summ           ###.......   73%         5    ###....
 Irradiate                Conj/Tmut      ###.......   73%         5    ###....
 Lee's Rapid Deconstruct  Erth           ###.......   73%         5    ###....
 Summon Demon             Summ           ###.......   73%         5    ###....
 Summon Forest            Summ/Tloc      ###.......   73%         5    ###....
 Conjure Ball Lightning   Conj/Air       #####.....   86%         6    #####..
 Shadow Creatures         Summ           N/A          99%         6    #####..
 Statue Form              Tmut/Erth      ###......    99%         6    #####..
 Ignition                 Fire           ###.......   100%        8    #######
 Shatter                  Erth           ###.......   100%        9    #######
 Tornado                  Air            ######....   100%        9    #######


Dungeon Overview and Level Annotations

Branches:
Dungeon (15/15)            Temple (0/1) D:7            Lair (6/6) D:9
  Swamp (4/4) Lair:4       Spider (4/4) Lair:4        Slime (0/5) Lair:6
    Orc (2/2) D:9             Elf (2/3) Orc:2        Vaults (0/5) D:14
 Depths (0/5) D:15

Altars:
Ashenzari
Elyvilon
Hepliaklqana
Kikubaaqudgha
Qazlal
Jiyva

Shops:
D:6 *   Orc:2 !!(%

Annotations:
D:9 1 exclusion
Elf:2 2 runed doors, Dism's ghost, adept GnAs; Hicoetiz's ghost, adept SpEn


Innate Abilities, Weirdness & Mutations

You are very small and have problems with some larger weapons.
You are too small for most types of armour.
You have supernaturally acute eyesight. (SInv)
You are a herbivore.
You cover ground extremely quickly.
You need to consume almost no food.
You have a pair of small antennae on your head.
You have a beak for a mouth.
You are partially covered in slimy green scales. (AC +2)
Your magical capacity is low. (-10% MP)
Your spells are a little harder to cast, but a little more powerful.
You evolve.


Message History

Dism's ghost misses you.
You closely miss Dism's ghost.
Dism's ghost is moderately damaged.
You catch the helpless Dism's ghost completely off-guard!
You perforate Dism's ghost like a sieve!!!
You peck Dism's ghost, but do no damage.
Dism's ghost is severely damaged.
Dism's ghost seems less confused.
Dism's ghost sprays you with burning goo.
The sticky flame hits you!
You are covered in liquid flames!
* * * LOW HITPOINT WARNING * * *
Casting: Confusing Touch (safe; 1% risk of failure)
Confirm with . or Enter, or press ? or * to list all spells.
Your hands begin to glow red.
You are covered in liquid flames!
* * * LOW HITPOINT WARNING * * *
Dism's ghost says regretfully, "I wish I had corrupted all of this!"
You block Dism's ghost's attack.
You miss Dism's ghost.
Dism's ghost is severely damaged.
You are covered in liquid flames!
* * * LOW HITPOINT WARNING * * *
You hit Dism's ghost but do no damage.
Dism's ghost is severely damaged.
You are covered in liquid flames!
* * * LOW HITPOINT WARNING * * *
Dism's ghost hits you!!
* * * LOW HITPOINT WARNING * * *
Dism's ghost freezes you.
* * * LOW HITPOINT WARNING * * *
Really quaff
J - 11 potions of heal wounds {!q}?
You feel much better.
You are covered in liquid flames!
* * * LOW HITPOINT WARNING * * *
Dism's ghost completely misses you.
You hit Dism's ghost but do no damage.
You peck Dism's ghost, but do no damage.
Dism's ghost is severely damaged.
You are covered in liquid flames!
* * * LOW HITPOINT WARNING * * *
Dism's ghost hits you but does no damage.
You hit Dism's ghost but do no damage.
Dism's ghost is severely damaged.
You are covered in liquid flames!
* * * LOW HITPOINT WARNING * * *
You hit Dism's ghost but do no damage.
Dism's ghost is severely damaged.
Dism's ghost completely misses you.
You hit Dism's ghost but do no damage.
Dism's ghost is severely damaged.
You barely miss Dism's ghost.
Dism's ghost is severely damaged.
Dism's ghost hits you!
* * * LOW HITPOINT WARNING * * *
Dism's ghost freezes you.
* * * LOW HITPOINT WARNING * * *
You hit Dism's ghost but do no damage.
Dism's ghost is severely damaged.
You barely miss Dism's ghost.
Dism's ghost is severely damaged.
Dism's ghost points at you and mumbles some strange words.
The fireball explodes!
The fireball engulfs you!
You die...

.# #.# .# #.# .#
#.# .# #.# .#
###### #.# .#
##!P⌠P####.# ##
##8....#.##.#
#[.....#.##.# *
#P.....'.##@# ,
,,#⌠.....'..#W# , ,
#P.....W..#W## ,,
,,#.....W#..#(.# ,
,##8....#..##(#####
,
,##!P⌠P#......)..#
,, ,
######.#.#.###[# ∆
, ,,..!.....##.# ,
,,,,{,
#####.#..##.#


You could see Dism's ghost and Hicoetiz's ghost.

Vanquished Creatures
  A tentacled monstrosity (Swamp:1)
  The ghost of Roghewn the Warrior, an adept FoFi of Gozag (Swamp:3)
  Agnes (Spider:2)
  Kirke (Lair:6)
  Roxanne (Spider:1)
  2 thorn hunters
  A deep elf sorcerer (Elf:1)
  3 ghost moths
  7 emperor scorpions (Spider:4)
  Louise (D:15)
  3 entropy weavers
  A minotaur (Lab)
  Snorg (Lair:6)
  A yaktaur captain (D:14)
  A fire dragon (D:14)
  Harold (Lair:2)
  2 ice dragons (Swamp:4)
  11 hydras
  A ghost crab (Swamp:4)
  4 catoblepae
  An ogre mage (D:8)
  3 centaur warriors
  8 dancing weapons
  18 alligators
  The ghost of Voker57 the Nimble, a novice DsGl of Uskayaw (Orc:1)
  The ghost of derval the Fighter, a novice OgSk of Okawaru (D:7)
  10 death yaks
  3 two-headed ogres
  A tengu warrior (D:13)
  2 deep elf knights
  A queen ant (Lair:3)
  2 orc high priests
  Nergalle (Lair:4)
  3 skeletal warriors (D:11)
  4 deep elf archers
  2 wizards
  3 swamp dragons
  2 unseen horrors
  Pikel (D:7)
  2 oklob plants (Lair:2)
  4 ugly things
  A necromancer (D:15)
  An orc knight (Orc:2)
  A harpy (shapeshifter) (D:8)
  23 deep elf magi
  21 orb spiders
  6 manticores
  3 orc sorcerers
  4 cyclopes
  27 wolf spiders
  2 moths of wrath
  Maurice (D:9)
  2 black mambas
  A torpor snail (Spider:2)
  Joseph (D:7)
  A gargoyle (D:14)
  13 spiny frogs
  A naga mage (D:15)
  2 minotaur zombies (Lab)
  3 rime drakes
  10 demonic crawlers
  2 yaktaurs (D:14)
  4 komodo dragons
  3 tengu conjurers
  An efreet (D:14)
  5 freezing wraiths
  3 meliai (D:13)
  30 jumping spiders
  11 hornets
  4 trolls
  A harpy skeleton (D:14)
  16 tyrant leeches
  9 slime creatures
  11 blink frogs
  7 bog bodies
  6 hippogriffs
  A hippogriff (shapeshifter) (D:15)
  18 tarantellas
  Sigmund (D:6)
  A meliai zombie (D:15)
  8 spriggans
  3 centaur simulacra (D:15)
  71 redbacks
  A vampire (D:12)
  2 wraiths
  An air elemental (Elf:1)
  5 shadows
  44 yaks
  A fire elemental (Elf:2)
  3 wyverns
  7 basilisks
  A basilisk (shapeshifter) (D:14)
  4 hogs (Lair:6)
  A hungry ghost (D:12)
  2 steam dragons
  15 vampire mosquitoes
  4 swamp worm simulacra (Swamp:4)
  Menkaure (D:7)
  4 wargs
  16 swamp worms
  4 acid dragons
  12 insubstantial wisps
  18 soldier ants
  Duvessa (D:6)
  9 porcupines
  12 water moccasins
  15 hydra simulacra (Swamp:4)
  44 orc warriors
  4 slaves (D:7)
  3 ice beasts
  2 eyes of draining
  7 swamp drakes
  2 black bears (D:9)
  16 ogres
  A boggart (Elf:1)
  17 centaurs
  3 phantoms
  4 wolves (Lair:1)
  16 crocodiles
  5 big kobolds
  A wyvern zombie (D:13)
  16 bullfrogs
  5 earth elementals
  8 scorpions
  A wyvern skeleton (D:7)
  Dowan (D:6)
  14 wights
  37 killer bees
  5 howler monkeys
  5 electric eels
  10 crimson imps
  5 centaur skeletons
  7 centaur zombies
  9 hounds
  4 jellies
  11 orc priests
  18 orc wizards
  4 bullfrog skeletons
  Natasha (thrice) (D:3)
  2 iguanas
  36 worker ants
  A killer bee zombie (D:8)
  A hound skeleton (D:8)
  9 mummies
  A worker ant zombie (D:5)
  A howler monkey zombie (D:6)
  Robin (D:3)
  5 adders
  22 gnolls
  A howler monkey skeleton (D:6)
  5 shadow imps
  4 swamp drake simulacra (Swamp:4)
  An adder skeleton (D:7)
  2 worms
  A dart slug (D:1)
  2 leopard geckos
  71 orcs
  9 giant cockroaches
  12 goblins
  16 hobgoblins
  8 jackals
  36 kobolds
  10 quokkas
  10 bats
  4 frilled lizards
  A gnoll zombie (Ossuary)
  A goblin zombie (D:8)
  3 hobgoblin zombies (Ossuary)
  3 kobold zombies (Ossuary)
  An orc zombie (Ossuary)
  A quokka skeleton (D:6)
  A quokka zombie (D:8)
  5 rats
  2 butterflies (D:7)
  A fungus (D:9)
1219 creatures vanquished.

Vanquished Creatures (collateral kills)
  A tentacled monstrosity (Swamp:1)
  A skeletal warrior (D:11)
  2 orcs (Orc:1)
4 creatures vanquished.

Vanquished Creatures (others)
  2 azure jellies (Swamp:4)
  A spark wasp (Spider:4)
  A dancing weapon (D:15)
  A swamp dragon (Swamp:4)
  A deep elf mage (Elf:2)
  A swamp drake (Swamp:1)
  An orc (D:8)
  21 fungi
  12 plants
41 creatures vanquished.

Grand Total: 1264 creatures vanquished

Notes
Turn   | Place    | Note
-------+----------+-------------------------------------------
     0 | D:1      | Amnesiac the Spriggan Enchanter began the quest for the
                  | Orb.
     0 | D:1      | Reached XP level 1. HP: 9/9 MP: 5/5
   356 | D:4      | Noticed a worker ant
   384 | D:4      | Noticed a worker ant
   405 | D:5      | Entered Level 5 of the Dungeon
   490 | D:5      | Noticed a worker ant
   546 | D:5      | Reached XP level 2. HP: 11/13 MP: 7/7
   550 | D:5      | Learned a level 2 spell: Ensorcelled Hibernation
   630 | D:5      | Noticed a bullfrog
   666 | D:5      | Noticed an ogre
   666 | D:5      | Noticed a crimson imp
   680 | D:5      | Killed a crimson imp
   680 | D:5      | Reached skill level 5 in Stealth
   680 | D:5      | Reached XP level 3. HP: 16/16 MP: 1/8
   685 | D:5      | Learned a level 3 spell: Confuse
   758 | D:5      | Reached XP level 4. HP: 21/21 MP: 6/9
   878 | D:4      | Reached skill level 6 in Stealth
   878 | D:4      | Reached XP level 5. HP: 8/24 MP: 2/11
  1134 | D:4      | Reached skill level 7 in Stealth
  1142 | D:4      | Found a shattered altar of Ashenzari.
  1174 | D:4      | Became a worshipper of Ashenzari the Shackled
  2161 | D:3      | Noticed Natasha
  2171 | D:3      | HP: 1/36 [Natasha/magic dart (3)]
  2174 | D:3      | Killed Natasha
  2174 | D:3      | Reached XP level 6. HP: 2/28 MP: 13/13
  2608 | D:3      | Noticed Natasha
  2620 | D:3      | Killed Natasha
  2920 | D:3      | Noticed Natasha
  2930 | D:3      | Killed Natasha
  2930 | D:3      | Reached skill level 8 in Stealth
  2967 | D:3      | Reached * piety under Ashenzari
  3019 | D:3      | Reached skill level 5 in Dodging
  3019 | D:3      | Reached skill level 5 in Hexes
  3059 | D:3      | Noticed Robin
  3098 | D:3      | Killed Robin
  3224 | D:4      | Reached XP level 7. HP: 26/32 MP: 14/14
  3288 | D:4      | Found a hazy altar of Hepliaklqana.
  3290 | D:4      | Found an ancient bone altar of Kikubaaqudgha.
  3643 | D:5      | Reached skill level 1 in Fighting
  3689 | D:5      | Learned a level 3 spell: Tukima's Dance
  3693 | D:5      | Learned a level 3 spell: Dazzling Spray
  3840 | D:5      | Reached XP level 8. HP: 39/39 MP: 15/15
  3861 | D:5      | Reached skill level 5 in Short Blades
  3867 | D:5      | Gained mutation: Your body sometimes deteriorates upon
                  | taking damage. [potion of mutation]
  3867 | D:5      | Gained mutation: You are agile. (Dex +2) [potion of
                  | mutation]
  3867 | D:5      | HP: 1/39 [killer bee (4)]
  4583 | D:5      | Got the hand axe "Wez Hal" {holy, rC+ Dex+3}
  4804 | D:6      | Noticed Sigmund
  4844 | D:6      | Identified the +1 hand axe "Wez Hal" {holy, rC+ Dex+3} (You
                  | found it on level 5 of the Dungeon)
  4896 | D:6      | Found Miarr's General Store.
  4902 | D:6      | Bought a scroll of fear for 42 gold pieces
  4924 | D:6      | Noticed Duvessa
  4999 | D:6      | Noticed Dowan
  5001 | D:6      | Killed Dowan
  5006 | D:6      | Killed Duvessa
  5128 | D:6      | Killed Sigmund
  5428 | D:7      | Noticed Pikel
  5563 | D:7      | Killed Pikel
  5563 | D:7      | Reached XP level 9. HP: 42/45 MP: 16/16
  5731 | D:7      | Noticed Menkaure
  5745 | D:7      | Killed Menkaure
  5756 | D:7      | Reached skill level 5 in Fighting
  5787 | D:7      | Noticed Joseph
  5919 | D:7      | Killed Joseph
  6005 | D:7      | Found a staircase to the Ecumenical Temple.
  6021 | D:7      | Reached ** piety under Ashenzari
  6327 | D:7      | Found a transporter.
  6338 | D:7      | Noticed derval's ghost (novice OgSk)
  6367 | D:7      | Found a transporter.
  7125 | D:7      | Killed derval's ghost
  7125 | D:7      | Reached XP level 10. HP: 36/56 MP: 2/17
  7307 | D:8      | Found a sand-covered staircase.
  7481 | Ossuary  | Entered an ossuary
  9246 | D:9      | Found a staircase to the Lair.
  9490 | D:9      | Reached *** piety under Ashenzari
  9527 | D:9      | Found a flagged portal.
  9537 | D:9      | Reached skill level 10 in Fighting
  9752 | Bailey   | Entered a bailey
 10829 | D:9      | Reached skill level 5 in Spellcasting
 11033 | D:9      | Found a staircase to the Orcish Mines.
 11084 | D:9      | Reached skill level 9 in Stealth
 11278 | D:8      | Noticed a manticore
 11299 | D:8      | Killed a manticore
 11299 | D:8      | Reached XP level 11. HP: 52/63 MP: 16/20
 11310 | D:8      | Noticed a four-headed hydra
 11311 | D:8      | Noticed a centaur warrior
 11311 | D:8      | Noticed a harpy
 11312 | D:8      | Noticed an ogre mage
 11323 | D:8      | Killed a harpy
 11481 | D:9      | Reached skill level 10 in Stealth
 11615 | D:8      | Killed a centaur warrior
 11631 | D:8      | Killed an ogre mage
 11791 | D:8      | Reached skill level 11 in Stealth
 11803 | D:8      | Killed a four-headed hydra
 11963 | D:8      | Noticed a two-headed ogre
 11987 | D:8      | Killed a two-headed ogre
 12167 | D:9      | Reached skill level 12 in Stealth
 12247 | D:9      | Noticed Maurice
 12263 | D:9      | Killed Maurice
 12560 | D:9      | Reached skill level 10 in Hexes
 12673 | D:10     | Entered Level 10 of the Dungeon
 12839 | D:10     | Reached skill level 13 in Stealth
 12881 | D:10     | Noticed a centaur warrior
 12894 | D:10     | Killed a centaur warrior
 12991 | D:10     | Reached skill level 17 in Stealth
 12991 | D:10     | Reached XP level 12. HP: 56/67 MP: 22/22
 13109 | D:10     | Reached **** piety under Ashenzari
 13256 | D:10     | Reached skill level 1 in Shields
 13958 | D:11     | Reached XP level 13. HP: 39/72 MP: 8/23
 14152 | D:11     | Found a stormy altar of Qazlal.
 14195 | D:11     | Reached skill level 5 in Shields
 15143 | D:12     | Lost mutation: Your body sometimes deteriorates upon taking
                  | damage. [potion of mutation]
 15143 | D:12     | Lost mutation: You are agile. (Dex +2) [potion of mutation]
 15143 | D:12     | Gained mutation: Your magical capacity is low. (-10% MP)
                  | [potion of mutation]
 15143 | D:12     | Gained mutation: You have a pair of small antennae on your
                  | head. [potion of mutation]
 15143 | D:12     | Gained mutation: You evolve. [potion of mutation]
 15162 | D:12     | Lost mutation: Your magical capacity is low. (-10% MP)
                  | [evolution]
 15209 | D:12     | Reached ***** piety under Ashenzari
 15263 | D:12     | Reached skill level 10 in Dodging
 16046 | Orc:1    | Entered Level 1 of the Orcish Mines
 16780 | Orc:1    | Found a large runed door.
 16781 | Orc:1    | Found a large runed door.
 16788 | Orc:1    | Noticed Voker57's ghost (novice DsGl)
 17077 | Orc:1    | Killed Voker57's ghost
 17187 | Orc:2    | Entered Level 2 of the Orcish Mines
 17407 | Orc:2    | Found a staircase to the Elven Halls.
 17442 | Orc:2    | Gained mutation: You are partially covered in slimy green
                  | scales. (AC +2) [evolution]
 18301 | Orc:2    | Found Uboemua's Weapon Shop.
 18301 | Orc:2    | Found Gox Teewk's Distillery.
 18303 | Orc:2    | Found Kirusew's Distillery.
 18305 | Orc:2    | Found Mavuras's Food Boutique.
 18630 | Orc:2    | Bought a potion of heal wounds for 65 gold pieces
 18630 | Orc:2    | Bought a potion of heal wounds for 65 gold pieces
 18630 | Orc:2    | Bought a potion of curing for 39 gold pieces
 18630 | Orc:2    | Bought a potion of curing for 39 gold pieces
 18630 | Orc:2    | Bought a potion of curing for 39 gold pieces
 18630 | Orc:2    | Bought 2 potions of curing for 78 gold pieces
 18632 | Orc:2    | Bought a potion of invisibility for 144 gold pieces
 18753 | D:13     | Reached skill level 18 in Stealth
 18771 | D:13     | Reached XP level 14. HP: 77/77 MP: 26/26
 19587 | D:14     | Found a labyrinth entrance.
 19664 | Lab      | Entered a labyrinth
 19800 | Lab      | Reached ****** piety under Ashenzari
 19809 | Lab      | Reached skill level 19 in Stealth
 19828 | Lab      | Identified the +5 halberd "Conservator" {vamp, rElec Int-2
                  | SInv Stlth+}
 19922 | D:14     | Found a white marble altar of Elyvilon.
 19955 | D:14     | Found a gate to the Vaults.
 20265 | D:14     | Gained mutation: Your spells are a little harder to cast,
                  | but a little more powerful. [evolution]
 20396 | D:15     | Entered Level 15 of the Dungeon
 20888 | D:15     | Noticed Louise
 20908 | D:15     | Reached skill level 20 in Stealth
 20927 | D:15     | Killed Louise
 21051 | D:15     | Found a staircase to the Depths.
 21249 | Lair:1   | Entered Level 1 of the Lair of Beasts
 21393 | Lair:1   | Learned a level 2 spell: Blink
 21595 | Lair:1   | Reached skill level 1 in Armour
 21704 | Lair:1   | Gained mutation: Your magical capacity is low. (-10% MP)
                  | [evolution]
 21976 | Lair:2   | Noticed Harold
 21978 | Lair:2   | Killed Harold
 22492 | Lair:2   | Reached XP level 15. HP: 82/84 MP: 2/25
 22997 | Lair:2   | Identified the cursed +0 scale mail of Ahoworug {-Tele +Fly
                  | rF+ MR+}
 24873 | Lair:4   | Found a hole to the Spider Nest.
 24877 | Lair:4   | Noticed Nergalle
 24885 | Lair:4   | Killed Nergalle
 24885 | Lair:4   | Reached skill level 21 in Stealth
 24912 | Lair:4   | Learned a level 3 spell: Mephitic Cloud
 25366 | Lair:4   | Found a staircase to the Swamp.
 26243 | Lair:5   | Learned a level 1 spell: Confusing Touch
 26802 | Lair:6   | Entered Level 6 of the Lair of Beasts
 26909 | Lair:6   | Found a viscous altar of Jiyva.
 26910 | Lair:6   | Found a staircase to the Slime Pits.
 26920 | Lair:6   | Noticed Snorg
 26933 | Lair:6   | Killed Snorg
 27786 | Lair:6   | Noticed Kirke
 27802 | Lair:6   | Killed Kirke
 28179 | Spider:1 | Entered Level 1 of the Spider Nest
 28248 | Spider:1 | Identified Roxanne's Volume of Earth
 28248 | Spider:1 | Noticed Roxanne
 28273 | Spider:1 | Killed Roxanne
 28330 | Spider:1 | Learned a level 2 spell: Passwall
 28720 | Spider:1 | Gained mutation: You have a beak for a mouth. [evolution]
 28841 | Spider:1 | Reached skill level 10 in Spellcasting
 28996 | Spider:1 | Reached XP level 16. HP: 90/90 MP: 28/28
 30101 | Spider:2 | Noticed Agnes
 30101 | Spider:2 | Killed Agnes
 31383 | Spider:3 | Learned a level 6 spell: Deflect Missiles
 31789 | Spider:4 | Entered Level 4 of the Spider Nest
 31795 | Spider:4 | Reached skill level 1 in Air Magic
 32009 | Spider:3 | HP: 4/91 [poisoned by a redback]
 32015 | Spider:3 | HP: 2/91 [poisoned by a redback]
 32020 | Spider:3 | HP: 1/91 [poisoned by a redback]
 32027 | Spider:3 | HP: 1/91 [poisoned by a redback]
 32035 | Spider:3 | HP: 1/91 [poisoned by a redback]
 32480 | Spider:3 | Reached skill level 1 in Charms
 32894 | Spider:4 | Reached skill level 5 in Charms
 33019 | Spider:4 | Reached skill level 15 in Hexes
 33810 | Spider:3 | Reached XP level 17. HP: 26/95 MP: 2/30
 34656 | Spider:4 | Got a gossamer rune of Zot
 34792 | Swamp:1  | Entered Level 1 of the Swamp
 34996 | Swamp:1  | Noticed a tentacled monstrosity
 35105 | Swamp:1  | Killed a tentacled monstrosity
 35126 | Swamp:1  | Reached skill level 1 in Evocations
 36552 | Swamp:2  | Noticed a tentacled monstrosity
 36628 | Swamp:1  | Killed a tentacled monstrosity
 37649 | Swamp:3  | Reached skill level 22 in Stealth
 37775 | Swamp:3  | Identified the ring "Ceut" {+Blink rC+ MP+9}
 37975 | Swamp:3  | Found a runed door.
 37975 | Swamp:3  | Noticed Roghewn's ghost (adept FoFi)
 37980 | Swamp:3  | Killed Roghewn's ghost
 38485 | Swamp:4  | Entered Level 4 of the Swamp
 38560 | Swamp:4  | Identified a scroll of acquirement {!r}
 39345 | Swamp:4  | Identified the cursed +0 ring mail of Fortitude {rCorr
                  | Str+4}
 40051 | Swamp:4  | Reached XP level 18. HP: 85/100 MP: 2/32
 40244 | Swamp:4  | Got a decaying rune of Zot
 40766 | Elf:1    | Entered Level 1 of the Elven Halls
 42184 | Elf:2    | Found a flickering gateway to a bazaar.
 42185 | Bazaar   | Entered a bazaar
 42185 | Bazaar   | Identified the ring of Ysall {+Inv +Fly rElec SInv Stlth-}
 42205 | Bazaar   | Found Igudis's Gadget Shop.
 42234 | Bazaar   | Found Jenizaz's Gadget Shop.
 42270 | Bazaar   | Found Liuts's Distillery.
 42296 | Bazaar   | Found Liczueju's Distillery.
 42307 | Bazaar   | Bought a potion of heal wounds for 75 gold pieces
 42307 | Bazaar   | Bought a potion of curing for 45 gold pieces
 42307 | Bazaar   | Bought 2 potions of brilliance for 120 gold pieces
 42327 | Bazaar   | Bought a potion of heal wounds for 55 gold pieces
 42327 | Bazaar   | Bought a potion of heal wounds for 55 gold pieces
 42327 | Bazaar   | Bought a potion of curing for 33 gold pieces
 42327 | Bazaar   | Bought a potion of curing for 33 gold pieces
 42327 | Bazaar   | Bought a potion of agility for 44 gold pieces
 42327 | Bazaar   | Bought a potion of brilliance for 44 gold pieces
 42327 | Bazaar   | Bought a potion of haste for 110 gold pieces
 42441 | Elf:2    | Found a runed gate.
 42441 | Elf:2    | Found a runed gate.
 42442 | Elf:2    | Reached skill level 23 in Stealth
 42570 | Elf:2    | Found a runed gate.
 42571 | Elf:2    | Found a runed gate.
 42571 | Elf:2    | Found a runed gate.
 42571 | Elf:2    | Noticed Dism's ghost (adept GnAs)
 42571 | Elf:2    | Noticed Hicoetiz's ghost (adept SpEn)
 42635 | Elf:2    | Killed from afar by Dism's ghost

Vault maps used:
D:1:      dpeg_arrival_tiny_a
D:3:      minmay_misc_feat_roman, feat_on_display, uniq_robin, uniq_natasha
D:4:      nicolae_overflow_hidden_temple, nicolae_ashenzari_panopticon
D:5:      first_ration
D:6:      serial_shops, shop, uniq_sigmund, uniq_duvessa
D:7:      minmay_temple_entry_butterflies, gammafunk_ghost_mausoleum,
          uniq_menkaure, uniq_joseph, uniq_pikel
D:8:      minmay_klotski, enter_ossuary_4, the_bakery
D:9:      due_lair_maze_entry_diamond, hiddenorc1_lemuel, enter_bailey_7,
          uniq_maurice
D:11:     hangedman_decor_riveting, grunt_qazlal_sundering
D:13:     minmay_misc_feat_room
D:14:     david_vaults_2, lab_entry_generic, elyvilon_altar_4
D:15:     grunt_enter_depths_magical_seal, serial_corexii_hall,
          chequers_hall_statues_y, corexii_hall_statues_l,
          corexii_hall_statues_deadend, minmay_misc_feat_plants, uniq_louise
Lair:1:   serial_bayou, serial_bayou_pond_c, serial_bayou_shore_b,
          serial_bayou_lake_a, serial_bayou_pond_b, bh_autumn_forest_stairs,
          beast_lair_carwin_5
Lair:2:   st_stairs_9, grunt_megastairs_1, minmay_lair_oklob_chamber,
          serial_bayou_shore_a, uniq_harold
Lair:3:   zaba_anthell, infiniplex_staircase_pool_2
Lair:4:   swamp_mist, spider_nest_entry_webs, chequers_serial_rivers_small_b,
          grunt_megastairs_4, uniq_nergalle
Lair:6:   evilmike_catoblepas_cave, slime_altar_1, serial_bayou_pond_e,
          serial_bayou_shore_b, uniq_snorg, uniq_kirke
Swamp:1:  evilmike_swamp_ruin_house_3
Swamp:2:  cheibrodos_swamp_monstrosity, evilmike_swamp_ruin_house_4
Swamp:3:  ebering_ghost_inner_flame, evilmike_swamp_ruin_rubble_1, swamp_pool4
Swamp:4:  swamp_icy, swamp_pool2
Spider:1: uniq_roxanne
Spider:2: nicolae_spider_circle_web, uniq_agnes
Spider:3: hangedman_stitches_earthworm
Spider:4: grunt_spider_rune_circles
Orc:1:    ebering_ghost_disaster_area
Orc:2:    st_orc_rangers
Elf:1:    eino_elf_arrival_shootout, hangedman_corner_corridor,
          hangedman_elf_disciples
Elf:2:    gammafunk_ghost_cemetery, serial_shops, bzr_entry_road,
          minmay_shop_grove
Lab:      labyrinth_hidden_loot, nicolae_lab_plus, lab_statue,
          labyrinth_skeletal_remains, nicolae_lab_quarters
Bazaar:   dpeg_bazaar_wands
Ossuary:  ossuary_tomb_3
Bailey:   bailey_axe_2, bailey

Skill      XL: |  1  2  3  4  5  6  7  8  9 10 11 12 13 14 15 16 17 18 |
---------------+-------------------------------------------------------+-----
Spellcasting   | 3 4 5 6 7 8 10 11 13 | 13.8
Short Blades   | 2 4 8 |  8.5
Stealth        | 5 6 7 8 9 17 18 20 21 22 23 | 23.0
Hexes          | 4 5 6 7 10 13 15 17 | 17.6
Dodging        | 4 5 6 13 14 | 14.4
Fighting       | 2 4 7 10 12 13 | 13.0
Shields        | 3 5 |  5.0
Armour         | 2 4 |  4.4
Air Magic      | 4 |  4.0
Charms         | 7 |  7.0
Evocations     | 3 |  3.1

Action                   |  1- 3 |  4- 6 |  7- 9 | 10-12 | 13-15 | 16-18 || total
-------------------------+-------+-------+-------+-------+-------+-------++-------
Melee: Dagger            |    41 |   287 |   279 |   938 |   836 |  1079 ||  3460
       Peck              |       |       |       |       |     3 |   141 ||   144
 Cast: Corona            |     4 |       |       |       |       |       ||     4
       Ensorcelled Hiber |     3 |     7 |    32 |   146 |   436 |   296 ||   920
       Confuse           |       |    20 |    43 |    78 |   146 |    39 ||   326
       Dazzling Spray    |       |       |     1 |    11 |     9 |   115 ||   136
       Tukima's Dance    |       |       |       |     1 |    11 |       ||    12
       Confusing Touch   |       |       |       |       |    13 |   120 ||   133
       Passwall          |       |       |       |       |     1 |     9 ||    10
       Blink             |       |       |       |       |       |     3 ||     3
       Deflect Missiles  |       |       |       |       |       |     1 ||     1
Invok: Curse Item        |       |       |     3 |     1 |     2 |     1 ||     7
 Abil: Evoke Invisibilit |       |       |       |       |       |     1 ||     1
       Evoke Flight      |       |       |       |       |       |     1 ||     1
Evoke: Wand              |       |       |       |    14 |       |    16 ||    30
       Lamp of fire      |       |       |       |       |       |     1 ||     1
       Phial of floods   |       |       |       |       |       |     1 ||     1
  Use: Scroll            |     4 |     3 |     3 |     5 |    13 |     7 ||    35
       Potion            |     1 |     4 |     2 |     7 |     2 |     5 ||    21
 Stab: Sleeping          |     5 |    20 |    33 |    93 |   378 |   245 ||   774
       Confused          |       |     9 |    28 |    54 |    96 |   123 ||   310
       Distracted        |       |     1 |     2 |     3 |     4 |     2 ||    12
       Invisible         |       |       |     1 |     5 |     7 |     8 ||    21
       Petrifying        |       |       |       |       |     1 |       ||     1
       Petrified         |       |       |       |       |     1 |       ||     1
  Eat: Ration            |       |     3 |     5 |     7 |     6 |     7 ||    28
Armor: Robe              |     5 |    48 |    28 |    72 |       |       ||   153
       Skin              |       |     2 |       |       |       |       ||     2
       Steam dragon scal |       |       |       |     4 |    78 |   199 ||   281
Dodge: Dodged            |    26 |   211 |   186 |   619 |   687 |  1066 ||  2795
       Deflected         |       |       |       |       |    16 |     7 ||    23
Block: Buckler           |       |       |       |     9 |   315 |   456 ||   780

Table legend:
 A = Non-vault XP
 B = Vault XP
 C = Vault XP percentage of total XP
 D = Non-vault monster count
 E = Vault monster count
 F = Vault count percentage of total count
                 A         B        C        D         E       F
            +---------+---------+-------+---------+---------+-------
      Total |  198413 |  107458 |  35.1 |     842 |     377 |  30.9
            +---------+---------+-------+---------+---------+-------
        D:1 |      23 |       0 |   0.0 |      14 |       0 |   0.0
        D:2 |      16 |       0 |   0.0 |      11 |       0 |   0.0
        D:3 |     262 |      62 |  19.1 |      30 |       8 |  21.1
        D:4 |     445 |       0 |   0.0 |      16 |       0 |   0.0
        D:5 |    1020 |       0 |   0.0 |      21 |       0 |   0.0
        D:6 |     111 |     447 |  80.1 |       7 |       3 |  30.0
        D:7 |     712 |    2455 |  77.5 |      21 |       8 |  27.6
        D:8 |    1407 |    6049 |  81.1 |      38 |      21 |  35.6
        D:9 |    2865 |    1968 |  40.7 |      35 |      33 |  48.5
       D:10 |    3745 |       0 |   0.0 |      40 |       0 |   0.0
       D:11 |    8158 |       0 |   0.0 |      38 |       0 |   0.0
       D:12 |    6827 |       0 |   0.0 |      47 |       0 |   0.0
       D:13 |    8361 |       0 |   0.0 |      34 |       0 |   0.0
       D:14 |    6339 |    1826 |  22.4 |      20 |       4 |  16.7
       D:15 |    5643 |    5262 |  48.3 |      21 |      11 |  34.4
     Lair:1 |    4280 |     992 |  18.8 |      19 |       7 |  26.9
     Lair:2 |    5224 |    3355 |  39.1 |      12 |       8 |  40.0
     Lair:3 |    2640 |    4052 |  60.5 |       8 |      39 |  83.0
     Lair:4 |    3301 |    2070 |  38.5 |      17 |       7 |  29.2
     Lair:5 |    2137 |       0 |   0.0 |       9 |       0 |   0.0
     Lair:6 |    4010 |   14469 |  78.3 |      11 |      29 |  72.5
    Swamp:1 |   14704 |    2811 |  16.0 |      34 |       1 |   2.9
    Swamp:2 |   14484 |       0 |   0.0 |      31 |       0 |   0.0
    Swamp:3 |   11906 |    2561 |  17.7 |      30 |       1 |   3.2
    Swamp:4 |   14015 |    5716 |  29.0 |      35 |      28 |  44.4
   Spider:1 |   14961 |    2081 |  12.2 |      42 |       1 |   2.3
   Spider:2 |    8350 |    2191 |  20.8 |      20 |       1 |   4.8
   Spider:3 |   18532 |    4046 |  17.9 |      53 |      13 |  19.7
   Spider:4 |   13968 |   22138 |  61.3 |      39 |      36 |  48.0
      Orc:1 |    3693 |     879 |  19.2 |      40 |       1 |   2.4
      Orc:2 |    1504 |    4347 |  74.3 |      21 |      38 |  64.4
      Elf:1 |    8730 |   12634 |  59.1 |      17 |      20 |  54.1
      Elf:2 |    6040 |    1799 |  22.9 |      11 |       2 |  15.4
        Lab |       0 |    2769 | 100.0 |       0 |       7 | 100.0
    Ossuary |       0 |     152 | 100.0 |       0 |      16 | 100.0
     Bailey |       0 |     327 | 100.0 |       0 |      34 | 100.0
            +---------+---------+-------+---------+---------+-------
